Map: Catalyst LE

Players

HellraiseR

  • Race: Protoss Protoss
  • League: Master
  • Spawn Location: 11:00

DeMusliM - Winner!

  • Race: Terran Terran
  • League: Master
  • Spawn Location: 5:00

Event: HomeStory Cup XVII

VOD

Have the link to the VOD?

Description

Time

  • Played on: June 29, 2018, 8:18 a.m.
  • Length: 10:25

All games in this series

Show
View Real Time Build Order
Export as new Build Order

HellraiseR Protoss 

Build Orders:  

Get SALT Encoding   

  12  0:00  Probe  
  13  0:12  Probe  
  14  0:18  Pylon  
  14  0:22  Probe  
  15  0:32  Probe  
  15  0:39  Gateway  
  15  0:41  Probe  
  17  0:54  Assimilator  
  17  0:57  Pylon  
  17  1:01  Probe  
  18  1:13  Probe  
  19  1:19  Gateway  
  19  1:25  Probe  
  20  1:31  Cybernetics Core  
  20  1:37  Probe  
  21  1:50  Probe  
  22  1:58  Stalker  
  22  2:07  Stalker  
  26  2:22  Nexus, Stalker  
  28  2:43  Probe  
  28  2:51  Warp Gate  
  28  2:55  Probe  
  29  3:07  Probe  
  29  3:09  Assimilator  
  30  3:13  Gateway  
  30  3:14  Gateway  
  30  3:19  Probe  
  31  3:31  Probe, Robotics Facility  
  31  3:34  Probe  
  32  3:39  Probe  
  33  3:46  Probe, Pylon  
  35  3:49  Probe  
  36  3:58  Probe  
  36  4:01  Probe  
  38  4:09  Pylon  
  38  4:10  Probe  
  38  4:11  Observer  
  38  4:13  Probe  
  40  4:22  Probe  
  40  4:24  Twilight Council, Warp Prism  
  42  4:25  Probe, Pylon  
  43  4:34  Probe  
  43  4:38  Pylon  
  47  4:51  Gateway x2  
  46  4:56  Stalker x3  
  52  5:00  Stalker  
  52  5:06  Gateway  
  54  5:11  Gateway  
  54  5:14  Resonating Glaives  
  54  5:20  Probe x2  
  56  5:23  Observer  
  53  5:37  Stalker  
  53  5:41  Probe  
  51  5:44  Probe  
  52  5:53  Probe  
  52  5:56  Probe  
  50  5:59  Stalker  
  49  6:06  Probe  
  49  6:08  Probe  
  50  6:18  Probe  
  51  6:20  Probe  
  51  6:24  Adept x4  
  60  6:30  Probe  
  61  6:32  Probe  
  62  6:42  Probe  
  62  6:45  Probe  
  64  6:49  Adept x3  
  70  6:57  Pylon  
  64  7:03  Probe  
  65  7:09  Probe  
  65  7:15  Probe  
  65  7:18  Blink  
  65  7:21  Probe  
  65  7:22  Stalker x3  
  64  7:23  Stalker x3  
  74  7:31  Assimilator  
  74  7:32  Probe  
  74  7:33  Assimilator  
  75  7:39  Probe  
  75  7:41  Pylon  
  76  7:46  Pylon  
  75  7:56  Adept  
  77  7:58  Pylon  
  77  7:59  Adept  
  77  8:00  Adept  
  77  8:04  Observer  
  82  8:11  Forge  
  78  8:30  Nexus  
  78  8:44  Probe x2, Robotics Bay  
  80  8:54  Adept  
  80  8:55  Adept x4  
  90  9:03  Probe x2  
  92  9:17  Probe  
  91  9:25  Adept x4  
  91  9:26  Disruptor  
  93  9:37  Probe  
  86  9:42  Probe x2  
  88  9:49  Probe  
  88  9:52  Stalker x4  
  97  9:54  Probe  
  98  10:03  Sentry  
  98  10:04  Stalker  
  105  10:08  Stalker  
Show
View Real Time Build Order
Export as new Build Order

DeMusliM Terran - Winner!

Build Orders: Reaper Expand, Banshee Rush 

Get SALT Encoding   

  12  0:00  SCV  
  13  0:12  SCV  
  14  0:17  Supply Depot  
  14  0:24  SCV  
  15  0:38  SCV  
  15  0:40  Barracks  
  16  0:44  Refinery  
  16  0:51  SCV  
  17  1:03  SCV  
  17  1:15  SCV  
  18  1:31  Orbital Command, Reaper  
  19  1:45  Command Center  
  19  1:55  Supply Depot  
  19  1:57  SCV  
  20  2:03  Marine  
  21  2:09  SCV  
  22  2:20  Bunker  
  22  2:21  Marine  
  22  2:22  Factory  
  23  2:34  SCV  
  25  2:47  Barracks Reactor  
  25  2:49  SCV  
  24  2:53  Refinery  
  24  2:58  Orbital Command  
  24  3:02  SCV  
  25  3:07  Starport  
  25  3:10  Widow Mine  
  27  3:14  SCV  
  28  3:23  Marine x2  
  28  3:26  SCV x2  
  32  3:31  Factory Tech Lab  
  32  3:38  SCV x2  
  32  3:39  Supply Depot  
  34  3:41  Marine  
  34  3:42  Marine  
  36  3:50  SCV x2  
  38  3:57  Factory Tech Lab  
  38  3:59  Cloaking Field, Banshee  
  38  4:02  SCV x2  
  43  4:05  Supply Depot, Marine  
  43  4:06  Marine  
  45  4:14  Engineering Bay, SCV x2  
  47  4:23  Marine x2  
  49  4:25  Siege Tank  
  49  4:26  SCV x2  
  54  4:38  Supply Depot, SCV x2  
  54  4:39  Supply Depot  
  54  4:42  Banshee  
  54  4:44  Marine x2  
  61  4:55  SCV  
  62  5:00  SCV  
  62  5:04  Marine x2, Siege Tank  
  68  5:12  Command Center  
  68  5:14  Supply Depot  
  68  5:15  SCV  
  68  5:17  SCV  
  68  5:22  Marine x2  
  68  5:27  Banshee  
  73  5:40  Marine x2  
  75  5:47  Siege Tank  
  78  5:58  Marine x2  
  78  5:59  Supply Depot  
  78  6:00  Supply Depot  
  78  6:01  SCV  
  78  6:02  Barracks  
  78  6:03  Barracks  
  78  6:04  SCV  
  82  6:08  Terran Infantry Weapons Level 1  
  82  6:10  Engineering Bay  
  79  6:15  Marine  
  79  6:16  Marine  
  81  6:23  Starport Reactor  
  81  6:25  Orbital Command  
  81  6:32  Supply Depot, SCV x2  
  83  6:33  Refinery, Barracks  
  83  6:34  Refinery  
  83  6:42  Terran Infantry Armor Level 1, Barracks  
  83  6:43  Barracks  
  83  6:48  Factory Reactor  
  79  6:58  SCV x2  
  77  7:12  Marauder  
  77  7:15  SCV x2  
  80  7:18  SCV  
  78  7:24  Marauder  
  78  7:25  Stimpack  
  78  7:27  SCV x2  
  78  7:28  Missile Turret  
  82  7:30  Missile Turret, SCV  
  82  7:36  Marauder  
  82  7:37  Barracks Reactor, Marine x2  
  85  7:43  Medivac, SCV x2  
  91  7:44  SCV  
  92  7:52  Marauder  
  92  7:55  Medivac  
  92  7:56  Marine x2  
  98  8:03  Marauder  
  100  8:07  Widow Mine x2  
  100  8:12  Supply Depot x2, Marine  
  104  8:13  Marauder  
  104  8:14  Armory, Marine x2  
  104  8:19  Marine x3  
  111  8:20  SCV x2  
  111  8:24  Marauder  
  111  8:26  Medivac  
  113  8:30  Marine  
  113  8:32  Marine x2  
  116  8:34  Supply Depot  
  116  8:35  Combat Shields, Supply Depot, Marauder  
  116  8:37  Marine  
  119  8:44  Marine x2  
  119  8:45  Marine  
  122  8:48  Barracks Tech Lab  
  122  8:53  Supply Depot  
  122  8:54  Marine  
  122  8:55  Marine x2  
  124  8:56  Marauder  
  124  8:58  Medivac  
  129  9:04  Marine x2, Marauder  
  129  9:06  Concussive Shells  
  129  9:07  Marauder  
  135  9:14  Marine  
  136  9:18  Marauder  
  136  9:19  Marine  
  136  9:22  Marine  
  136  9:23  Orbital Command  
  140  9:25  Marine  
  140  9:26  Marauder  
  140  9:29  Marauder  
  142  9:32  Marine x2  
  142  9:37  Marine  
  145  9:39  Marauder  
  145  9:40  Widow Mine x2  
  145  9:45  Marine  
  149  9:47  Marauder  
  149  9:48  SCV  
  149  9:50  Marauder  
  149  9:51  Medivac  
  159  10:00  Marauder  
  161  10:08  Supply Depot  
  161  10:09  Supply Depot  
Tags
 
Add a new tag
Caveats
  • Supply blocks, unpowered buildings, or Contaminate may cause inaccurate times.
  • Supply counts are checked every 10 seconds.